 Dungeon Crawl Stone Soup version 0.20.1-1-g8b1a95d (webtiles) character file.

6585 Irenicus the Destroyer (level 10, -3/75 HPs)
             Began as a Deep Dwarf Wizard on Nov 4, 2017.
             Was a Priest of Makhleb.
             Slain by a seven-headed hydra (11 damage)
             ... on level 11 of the Dungeon.
             The game lasted 01:02:17 (8733 turns).

Irenicus the Destroyer (Deep Dwarf Wizard)          Turns: 8733, Time: 01:02:18

Health: -3/75      AC: 13    Str: 18    XL:     10   Next: 71%
Magic:  9/26       EV: 11    Int: 22    God:    Makhleb [***...]
Gold:   351        SH:  0    Dex: 11    Spells: 7/19 levels left

rFire    . . .     SeeInvis .   P - +3 hand axe (curse)
rCold    . . .     Gourm    .   (no shield)
rNeg     . . .     Faith    .   B - +3 ring mail of Duty {MP+9 Str+4}
rPois    .         Spirit   .   n - +0 helmet
rElec    .         Reflect  .   i - +0 cloak
rCorr    .         Harm     .   (no gloves)
MR       +....                  l - +2 pair of boots
Stlth    ++........             (no amulet)
Regen    0.0/turn               e - +3 ring of strength
MPRegen  0.2/turn               L - ring of stealth

@: non-regenerating
A: damage resistance, heal wounds, sense surroundings 2, no regeneration
a: Heal Wounds, Minor Destruction, Lesser Servant of Makhleb, Renounce Religion


You were on level 11 of the Dungeon.
You worshipped Makhleb.
Makhleb was most pleased with you.
You were not hungry.

You visited 2 branches of the dungeon, and saw 12 of its levels.

You collected 576 gold pieces.
You spent 225 gold pieces at shops.

Inventory:

Hand Weapons
 g - a +1 dagger
 z - a +2 whip of pain
 P - a cursed +3 hand axe (weapon)
Armour
 i - a +0 cloak (worn)
 l - a +2 pair of boots (worn)
 n - a +0 helmet (worn)
 t - a +0 leather armour
 B - the +3 ring mail of Duty (worn) {MP+9 Str+4}
   (You bought it in a shop on level 5 of the Dungeon)

   It affects your strength (+4).
   It affects your magic capacity (+9).
Magical Staves
 I - an uncursed staff of air
Jewellery
 e - a +3 ring of strength (left hand)
 L - a ring of stealth (right hand)
Wands
 m - a wand of scattershot (6/9)
 u - a wand of digging (18/24)
 w - a wand of flame (21/48)
Scrolls
 f - 5 scrolls of identify
 h - a scroll of amnesia {unknown}
 j - a scroll of magic mapping
 o - 2 scrolls of recharging
 q - 3 scrolls of random uselessness {unknown}
 s - 3 scrolls of remove curse
 y - 2 scrolls of enchant weapon
 D - 2 scrolls of immolation
 M - a scroll of teleportation
Potions
 k - 3 potions of curing
 r - a potion of invisibility
 v - 3 potions of brilliance
 A - a potion of might
 E - a potion of cancellation {unknown}
 F - a potion of agility {unknown}
 G - a potion of heal wounds
 J - a potion of degeneration {unknown}
 N - a potion of resistance
 O - a potion of mutation {unknown}
Books
 b - a book of Enchantments

   Spells                             Type                      Level
   a - Cause Fear                     Hexes                        4
   b - Yara's Violent Unravelling     Hexes/Transmutation          5
   c - Silence                        Hexes/Air                    5
   d - Deflect Missiles               Charms/Air                   6
   e - Discord                        Hexes                        8
 c - a book of Minor Magic

   Spells                             Type                      Level
   a - Magic Dart                     Conjuration                  1
   b - Blink                          Translocation                2
   c - Call Imp                       Summoning                    2
   d - Slow                           Hexes                        2
   e - Conjure Flame                  Conjuration/Fire             3
   f - Mephitic Cloud                 Conjuration/Poison/Air       3
 C - a book of Cantrips

   Spells                             Type                      Level
   a - Confusing Touch                Hexes                        1
   b - Animate Skeleton               Necromancy                   1
   c - Summon Small Mammal            Summoning                    1
   d - Apportation                    Translocation                1
Miscellaneous
 K - a fan of gales
Comestibles
 a - 3 royal jellies
 d - 13 bread rations
 p - 8 meat rations
 x - 5 fruits
 H - a chunk of flesh


   Skills:
 - Level 1.0 Short Blades
 + Level 7.3 Axes
 - Level 2.1 Dodging
 - Level 2.4 Stealth
 - Level 5.2 Spellcasting
 - Level 10.0 Conjurations
 - Level 3.9 Summonings
 - Level 3.2 Necromancy
 - Level 4.1 Translocations
 - Level 3.5 Fire Magic
 - Level 1.0 Air Magic
 - Level 1.1 Poison Magic
 - Level 3.1 Evocations


You had 7 spell levels left.
You knew the following spells:

 Your Spells              Type           Power        Failure   Level  Hunger
a - Magic Dart            Conj           ####         1%          1    None
b - Blink                 Tloc           N/A          4%          2    None
c - Mephitic Cloud        Conj/Pois/Air  ###.....     10%         3    ##.....
d - Call Imp              Summ           ###.....     5%          2    None
e - Conjure Flame         Conj/Fire      #####...     3%          3    ##.....
f - Animate Skeleton      Necr           N/A          4%          1    None


Dungeon Overview and Level Annotations

Branches:
Dungeon (11/15)            Temple (1/1) D:4
   Lair: D:8-11         Orc: D:9-12

Altars:
Dithmenos
Elyvilon
Fedhas
Makhleb
Okawaru
Ru
Trog
Vehumet
Yredelemnul

Shops:
D:4 [   D:5 [   D:6 }


Innate Abilities, Weirdness & Mutations

You are resistant to damage.
You can heal yourself by infusing magical energy.
You passively map the area around you.
You do not regenerate.


Message History

The seven-headed hydra closely misses you.
The seven-headed hydra bites you but does no damage.
The seven-headed hydra misses you.
The seven-headed hydra completely misses you.
The seven-headed hydra bites you!
* * * LOW HITPOINT WARNING * * *
The seven-headed hydra barely misses you.
The seven-headed hydra closely misses you.
Casting: Call Imp
Confirm with . or Enter, or press ? or * to list all spells.
A beastly little devil appears in a puff of flame.
The seven-headed hydra is engulfed in blazing flames.
The seven-headed hydra bites you but does no damage.
The seven-headed hydra bites you.
* * * LOW HITPOINT WARNING * * *
The seven-headed hydra closely misses you.
The seven-headed hydra misses you. The seven-headed hydra bites you.
* * * LOW HITPOINT WARNING * * *
The seven-headed hydra bites you!
You die...

#....#######..........# #.
#.......# ###o.......#####.
#....##.######...........##.
#....##.#.............##.##.
#...........o.......####.##.
#....##.....#######.# #.##.
#....##.###.# #.# #.###
#....##.# #D# #.# #..).
#....##.#*#@# ### ##.##
####.##..55.# #.##
#.######## #.#. ### #.##
#... ####


You could see a seven-headed hydra, an orc and 2 friendly crimson imps.

Vanquished Creatures
  Urug (D:10)
  A komodo dragon (D:7)
  A troll (D:10)
  2 hippogriffs
  3 yaks (D:10)
  2 hungry ghosts
  An orc warrior (D:7)
  A water moccasin (D:9)
  2 ice beasts
  A sky beast (D:9)
  A phantom (D:4)
  2 black bears
  2 ogres
  4 centaurs
  3 bullfrogs
  3 scorpions
  2 killer bees (D:9)
  2 wights (D:9)
  6 howler monkeys
  2 crimson imps
  A bullfrog zombie (D:9)
  2 centaur skeletons
  2 hounds
  A jelly (D:7)
  5 orc priests
  A bullfrog skeleton (D:4)
  5 orc wizards
  3 iguanas
  6 worker ants
  A hound zombie (D:10)
  A gnoll (D:2)
  10 adders
  A shadow imp (D:9)
  An adder skeleton (D:9)
  A worm (D:3)
  A dart slug (D:2)
  5 leopard geckos
  26 orcs
  3 ball pythons
  4 giant cockroaches
  10 goblins
  6 hobgoblins
  6 jackals
  13 kobolds
  4 quokkas
  8 bats
  5 frilled lizards
  A leopard gecko skeleton (D:5)
  6 rats
181 creatures vanquished.

Vanquished Creatures (collateral kills)
  A two-headed ogre (D:9)
  The ghost of Irenicus the Cleaver, a novice DDEE of Makhleb (D:7)
  Maurice (D:8)
  Eustachio (D:4)
  The ghost of Minstaer the Poker, an amateur MfSk (D:3)
  Edmund (D:4)
  A sky beast (D:11)
  2 ogres
  2 centaurs
  A crocodile (D:7)
  A big kobold (D:9)
  A bullfrog (D:9)
  A scorpion (D:8)
  A killer bee (D:9)
  A wight (D:9)
  A howler monkey (D:7)
  A crimson imp (D:10)
  A bullfrog zombie (D:11)
  A quasit (D:10)
  A bullfrog skeleton (D:4)
  A centaur zombie (D:7)
  An orc wizard (D:7)
  3 worker ants
  A hound zombie (D:7)
  A howler monkey zombie (D:7)
  An adder (D:6)
  2 gnolls (D:2)
  An adder skeleton (D:9)
  A worm (D:3)
  5 orcs
  A ball python (D:4)
  A leopard gecko skeleton (D:4)
  A quokka skeleton (D:7)
42 creatures vanquished.

Vanquished Creatures (others)
  A bat (D:2)
1 creature vanquished.

Grand Total: 224 creatures vanquished

Notes
Turn   | Place    | Note
-------+----------+-------------------------------------------
     0 | D:1      | Irenicus the Deep Dwarf Wizard began the quest for the Orb.
     0 | D:1      | Reached XP level 1. HP: 15/15 MP: 4/4
    77 | D:1      | Reached skill level 1 in Conjurations
   135 | D:1      | Reached XP level 2. HP: 5/22 MP: 0/6
   382 | D:2      | Reached XP level 3. HP: 20/28 MP: 0/7
   394 | D:2      | Reached skill level 2 in Conjurations
   399 | D:2      | Learned a level 2 spell: Blink
   433 | D:2      | Reached skill level 1 in Short Blades
   603 | D:2      | HP: 1/28 [kobold/short sword (2)]
   660 | D:3      | Reached XP level 4. HP: 14/36 MP: 0/8
   758 | D:3      | Reached skill level 3 in Conjurations
   913 | D:4      | Found a staircase to the Ecumenical Temple.
   964 | D:5      | Entered Level 5 of the Dungeon
  1103 | D:5      | Reached skill level 4 in Conjurations
  1103 | D:5      | Reached XP level 5. HP: 29/42 MP: 1/9
  1193 | D:5      | Noticed a phantom
  1194 | D:5      | Noticed an ogre
  1194 | D:5      | Noticed a centaur
  1220 | D:5      | Found Zolodaoj's Antique Armour Boutique.
  1253 | D:4      | Reached XP level 6. HP: 10/49 MP: 0/12
  1323 | D:4      | Noticed Edmund
  1383 | D:4      | Learned a level 3 spell: Mephitic Cloud
  1431 | D:4      | Learned a level 2 spell: Call Imp
  1610 | Temple   | Entered the Ecumenical Temple
  1624 | Temple   | Became a worshipper of Makhleb the Destroyer
  1691 | D:5      | Reached skill level 1 in Summonings
  1694 | D:5      | Reached skill level 5 in Spellcasting
  1976 | D:5      | Reached XP level 7. HP: 19/55 MP: 5/14
  2037 | D:4      | Noticed Eustachio
  2065 | D:4      | Killed Eustachio
  2142 | D:4      | Killed Edmund
  2142 | D:4      | Reached skill level 1 in Poison Magic
  2180 | D:4      | Found a shadowy altar of Dithmenos.
  2475 | D:3      | Reached skill level 1 in Air Magic
  2806 | D:3      | Noticed Minstaer's ghost (amateur MfSk)
  2814 | D:3      | Learned a level 3 spell: Conjure Flame
  2837 | D:3      | Killed Minstaer's ghost
  2837 | D:3      | Reached skill level 1 in Fire Magic
  2861 | D:2      | Found a shadowy altar of Dithmenos.
  3576 | D:1      | Reached * piety under Makhleb
  3888 | D:3      | Found a faded altar of an unknown god.
  4273 | D:5      | Bought a fine ring mail for 225 gold pieces
  4283 | D:5      | Identified the +3 ring mail of Duty {MP+9 Str+4} (You bought it in a shop on level 5 of the Dungeon)
  4348 | D:6      | Reached XP level 8. HP: 20/62 MP: 0/15
  4370 | D:6      | Found Repuescho's Gadget Shop.
  4412 | D:6      | Learned a level 1 spell: Animate Skeleton
  4461 | D:6      | HP: 1/62 [orc priest/divine providence (9)]
  4573 | D:6      | Reached skill level 5 in Conjurations
  4872 | D:7      | Noticed Irenicus's ghost (novice DDEE)
  4881 | D:7      | Reached skill level 1 in Necromancy
  4919 | D:7      | Killed Irenicus's ghost
  4919 | D:7      | Reached skill level 6 in Conjurations
  5218 | D:7      | Reached skill level 7 in Conjurations
  5228 | D:7      | Noticed a hippogriff
  5237 | D:7      | Killed a hippogriff
  5237 | D:7      | Gained mutation: You passively map the area around you. [Deep Dwarf growth]
  5237 | D:7      | Reached XP level 9. HP: 25/68 MP: 11/16
  5534 | D:7      | Reached ** piety under Makhleb
  5828 | D:8      | Noticed a two-headed ogre
  5837 | D:8      | Noticed a komodo dragon
  5844 | D:8      | Noticed a two-headed ogre
  5887 | D:7      | Killed a komodo dragon
  6075 | D:8      | Noticed Maurice
  6089 | D:8      | Killed Maurice
  6089 | D:8      | Reached skill level 8 in Conjurations
  6355 | D:8      | Reached skill level 9 in Conjurations
  6561 | D:9      | Noticed a two-headed ogre
  6576 | D:9      | Killed a two-headed ogre
  6576 | D:9      | Reached XP level 10. HP: 41/75 MP: 1/17
  7032 | D:9      | Reached skill level 10 in Conjurations
  7650 | D:10     | Entered Level 10 of the Dungeon
  7700 | D:10     | Reached skill level 1 in Axes
  8115 | D:10     | Reached skill level 5 in Axes
  8159 | D:10     | Noticed Urug
  8285 | D:10     | Killed Urug
  8624 | D:11     | Reached *** piety under Makhleb
  8697 | D:11     | Noticed a manticore
  8698 | D:11     | Noticed a seven-headed hydra
  8733 | D:11     | Slain by a seven-headed hydra

Skill      XL: |  1  2  3  4  5  6  7  8  9 10 |
---------------+-------------------------------+-----
Spellcasting   | 3 4 5 |  5.2
Conjurations   | 1 2 4 7 9 10 | 10.0
Short Blades   | 1 |  1.0
Summonings     | 1 3 |  3.9
Poison Magic   | 1 |  1.1
Air Magic      | 1 |  1.0
Fire Magic     | 3 |  3.5
Necromancy     | 3 |  3.2
Evocations     | 3 |  3.1
Translocations | 4 |  4.1
Axes           | 7 |  7.3
Dodging        | |  2.1
Stealth        | |  2.4

Action                   |  1- 3 |  4- 6 |  7- 9 | 10-12 || total
-------------------------+-------+-------+-------+-------++-------
Melee: Unarmed           |    40 |       |       |       ||    40
       Dagger            |    96 |   100 |    15 |       ||   211
       Whip              |       |       |    91 |    22 ||   113
       Staff             |       |       |     1 |       ||     1
       Hand axe          |       |       |       |    99 ||    99
Throw: Throwing net      |       |       |       |     4 ||     4
 Cast: Magic Dart        |    60 |    89 |   216 |   131 ||   496
       Blink             |       |     4 |     9 |     3 ||    16
       Call Imp          |       |    13 |    65 |    53 ||   131
       Mephitic Cloud    |       |     4 |    28 |    18 ||    50
       Conjure Flame     |       |       |    12 |     7 ||    19
       Animate Skeleton  |       |       |    13 |     5 ||    18
 Abil: Heal Wounds       |       |     4 |       |       ||     4
Evoke: Wand              |       |       |     5 |     1 ||     6
  Use: Potion            |     5 |     6 |     7 |       ||    18
       Scroll            |       |     9 |     4 |       ||    13
 Stab: Sleeping          |       |       |     1 |     1 ||     2
       Confused          |       |       |     8 |     3 ||    11
       Distracted        |       |       |       |     2 ||     2
       Held in net/web   |       |       |       |     1 ||     1
  Eat: Chunk             |       |     3 |    18 |     8 ||    29
       Fruit             |       |       |       |     1 ||     1
Armor: Robe              |    55 |     1 |       |       ||    56
       Leather armour    |       |    62 |     9 |       ||    71
       Ring mail         |       |       |    64 |   117 ||   181
Dodge: Dodged            |   128 |   101 |    91 |   158 ||   478
